 Dungeon Crawl Stone Soup version 0.27.1-2-g3b301248ec (webtiles) character file.

Game seed: 15403398952362717094

246 Eitelfritz the Gusty (level 6, -3/32 HPs)
             Began as a Tengu Air Elementalist on Oct 2, 2021.
             Slain by a black bear (5 damage)
             ... on level 4 of the Dungeon.
             The game lasted 00:12:41 (4828 turns).

Eitelfritz the Gusty (Tengu Air Elementalist)       Turns: 4828, Time: 00:12:42

Health: -3/32      AC:  9    Str: 15    XL:     6   Next: 11%
Magic:  8/12       EV: 15    Int: 16    God:
Gold:   169        SH:  0    Dex: 15    Spells: 2/11 levels left

rFire    . . .     SeeInvis .   (no weapon)
rCold    . . .     Faith    .   (no shield)
rNeg     . . .     Spirit   .   a - +0 robe
rPois    .         Reflect  .   (helmet restricted)
rElec    .         Harm     .   (no cloak)
rCorr    .         Rampage  .   i - +2 pair of gloves
Will     .....                  (boots unavailable)
Stlth    ++........             (no amulet)
HPRegen  0.10/turn              s - +6 ring of strength
MPRegen  0.13/turn              t - +4 ring of protection

@: flying quickly and evasively, quick
A: beak, talons 3, nimble flight
a: no special abilities


You were on level 4 of the Dungeon.
You visited 1 branch of the dungeon, and saw 4 of its levels.

You collected 169 gold pieces.

Inventory:

Armour
 a - a +0 robe (worn)
 i - a +2 pair of gloves (worn)
Jewellery
 s - a +6 ring of strength (left hand)
 t - a +4 ring of protection (right hand)
Wands
 q - a wand of digging (6)
Scrolls
 c - 2 scrolls of teleportation {unknown}
 e - 5 scrolls of identify {unknown}
 g - 3 scrolls of enchant armour {unknown}
 h - 2 scrolls of fear {unknown}
 m - a scroll of enchant weapon {unknown}
Potions
 b - 2 potions of curing {unknown}
 d - 2 potions of might {unknown}
 f - 4 potions of haste {unknown}
 j - 2 potions of heal wounds {unknown}
 k - a potion of flight {unknown}
 l - a potion of attraction {unknown}
 n - a potion of mutation {unknown}
 o - a potion of lignification {unknown}
 p - a potion of brilliance {unknown}
 r - a potion of cancellation {unknown}


   Skills:
 + Level 2.6 Dodging
 + Level 2.3 Stealth
 + Level 0.1 Unarmed Combat
 + Level 3.4 Spellcasting
 + Level 2.8 Conjurations
 + Level 0.3 Transmutations
 + Level 6.3 Air Magic
 + Level 1.0 Poison Magic


You had 2 spell levels left.
You knew the following spells:

 Your Spells              Type           Power      Damage    Failure   Level
a - Shock                 Conj/Air       68%        1d7       2%          1
b - Sting                 Tmut/Pois      16%        1d3       14%         1
c - Static Discharge      Conj/Air       17%        N/A       4%          2
d - Poisonous Vapours     Pois/Air       28%        N/A       6%          2
e - Swiftness             Air            23%        N/A       4%          3

Your spell library contained the following spells:

 Spells                   Type           Power      Damage    Failure   Level
 Airstrike                Air            11%        N/A       13%         4
 Dazzling Flash           Conj/Hex       14%        N/A       30%         3
 Gell's Gravitas          Tloc           1%         N/A       47%         3
 Lesser Beckoning         Tloc           1%         N/A       47%         3
 Teleport Other           Tloc           2%         N/A       47%         3
 Olgreb's Toxic Radiance  Pois           6%         N/A       75%         4
 Silence                  Hex/Air        6%         N/A       80%         5
 Leda's Liquefaction      Hex/Erth       1%         N/A       87%         4
 Bolt of Magma            Conj/Fire/Erth 2%         4d4       98%         5
 Agony                    Necr           2%         N/A       99%         5
 Statue Form              Tmut/Erth      2%         N/A       100%        6
 Malign Gateway           Summ/Tloc      1%         N/A       100%        7
 Lehudib's Crystal Spear  Conj/Erth      3%         10d3      100%        8


Dungeon Overview and Level Annotations

Branches:
Dungeon (4/15)
 Temple: D:4-7

Altars:
Okawaru
Qazlal


Innate Abilities, Weirdness & Mutations

You have a beak for a mouth.
You have claws for feet.
Your magical nature lets you fly swiftly and evasively.


Message History

Aim: a black bear (severely wounded, berserk, poisoned, 74% to hit)
The sting misses the black bear.
The sting hits the water moccasin skeleton.
The water moccasin skeleton is lightly damaged.
The black bear looks more healthy.
The black bear bites you! The black bear claws you.
The black bear claws you but does no damage.
Unknown command.
The black bear rages.
The black bear closely misses you.
The black bear claws you but does no damage.
The black bear barely misses you.
The black bear bites you but does no damage.
The black bear claws you but does no damage.
The black bear closely misses you. The black bear misses you.
The black bear claws you.
The black bear claws you but does no damage.
The black bear bites you! The black bear barely misses you.
The black bear closely misses you. The black bear barely misses you.
The black bear claws you but does no damage.
The black bear claws you.
* * * LOW HITPOINT WARNING * * *
The black bear rages.
The black bear closely misses you. The black bear misses you.
The black bear barely misses you. The black bear bites you!
* * * LOW HITPOINT WARNING * * *
The black bear barely misses you. x2
Unknown command.
Casting: Sting (safe; 14% risk of failure)
Confirm with . or Enter, or press ? or * to list all spells.
Aiming: Sting (safe; 14% risk of failure)
Press: ? - help, Shift-Dir - straight line, f/p - black bear
Aim: a black bear (severely wounded, berserk, 74% to hit)
The sting hits the black bear.
The black bear is poisoned.
The black bear is severely wounded.
The black bear bites you but does no damage.
The black bear claws you.
You die...

##.#.# #.# ##.#.#
#.# ##.#.####.##
...........#######
.............Z...#
.#.#.#.#.#.#####.#
.#.#.#.#.#.# #Z#
.#.#.#.#.#.# #h#
.#...#.#.#.# #@#
.##..#.#.#.# #.#
.......#.#.# #.#
#.#.####.#.# #.#
....<..[...# #.#
.........### #.#
.......### ..#
.##.##.# #.#
.##.##.# ...


You could see a black bear (berserk, poisoned) and a water moccasin skeleton.

Vanquished Creatures
  A phantom (D:4)
  A jelly (D:3)
  A hound skeleton (D:4)
  Robin (D:2)
  5 adders
  4 dart slugs
  8 ball pythons
  6 endoplasms
  2 giant cockroaches
  11 goblins
  6 hobgoblins
  2 jackals (D:2)
  4 quokkas
  2 bats
  5 frilled lizards
  5 kobolds
  8 rats
72 creatures vanquished.

Notes
Turn   | Place    | Note
-------+----------+-------------------------------------------
     0 | D:1      | Eitelfritz the Tengu Air Elementalist began the quest for
                  | the Orb.
     0 | D:1      | Reached XP level 1. HP: 10/10 MP: 4/4
   470 | D:1      | Reached XP level 2. HP: 15/15 MP: 3/6
  1278 | D:2      | Reached XP level 3. HP: 19/19 MP: 2/7
  1304 | D:2      | Noticed Robin
  1318 | D:1      | Learned a level 1 spell: Sting
  1321 | D:1      | Learned a level 2 spell: Static Discharge
  1324 | D:1      | Learned a level 2 spell: Poisonous Vapours
  1791 | D:2      | Got the Guide on the Mountains and Companions
  2145 | D:2      | Found a faded altar of an unknown god.
  2305 | D:2      | Killed Robin
  2306 | D:2      | Reached skill level 5 in Air Magic
  2306 | D:2      | Reached XP level 4. HP: 11/24 MP: 1/9
  3438 | D:3      | Learned a level 3 spell: Swiftness
  3466 | D:3      | Gained mutation: Your magical nature lets you fly swiftly
                  | and evasively. [Tengu growth]
  3466 | D:3      | Reached XP level 5. HP: 28/28 MP: 4/10
  3523 | D:3      | Reached skill level 6 in Air Magic
  4326 | D:4      | Noticed a phantom
  4343 | D:4      | Killed a phantom
  4344 | D:4      | Reached skill level 1 in Poison Magic
  4445 | D:4      | Found an iron altar of Okawaru.
  4534 | D:4      | Reached XP level 6. HP: 32/32 MP: 12/12
  4600 | D:4      | Found a stormy altar of Qazlal.
  4784 | D:4      | Noticed a black bear
  4828 | D:4      | Slain by a black bear

Illustrated notes

Levels and vault maps discovered:
D:1:      minmay_arrival_three_doors, layout_basic, minivault_4
D:2:      layout_basic, chequers_ecumenical_altar_simple_redux,
          minmay_small_reverse_x, uniq_robin
D:3:      layout_basic
D:4:      layout_loops_ring, nzn_hepliaklqana_mist_gate, lemuel_doored_altar,
          grunt_qazlal_clouds

Skill      XL: |  1  2  3  4  5 |
---------------+----------------+-----
Conjurations   | 2 |  2.8
Air Magic      | 5 6 |  6.3
Spellcasting   | 3 |  3.4
Poison Magic   | 1 |  1.0
Dodging        | |  2.6
Stealth        | |  2.3
Unarmed Combat | |  0.1
Transmutations | |  0.3

Action                   |  1- 3 |  4- 6 || total
-------------------------+-------+-------++-------
Melee: Unarmed           |    18 |    21 ||    39
       Peck              |     3 |     6 ||     9
       Kick              |     2 |     8 ||    10
 Cast: Shock             |    89 |    55 ||   144
       Sting             |     6 |    13 ||    19
       Static Discharge  |       |     2 ||     2
  Use: Scroll            |       |     1 ||     1
Armor: Robe              |     6 |    17 ||    23
Dodge: Dodged            |    18 |    40 ||    58
